Map: Pillars of Gold LE

Players

Serral - Winner!

  • Race: Zerg Zerg
  • League: Grandmaster
  • Spawn Location: 7:00

ShoWTimE

  • Race: Protoss Protoss
  • League: Grandmaster
  • Spawn Location: 1:00

Event: DreamHack SC2 Masters 2020 Fall

VOD

Have the link to the VOD?

Description

Time

  • Played on: Aug. 26, 2020, 2:06 p.m.
  • Length: 15:11

All games in this series

Show
View Real Time Build Order
Export as new Build Order

Serral Zerg - Winner!

Build Orders: Hatch First, Lurkers, Roach Hydra 

Get SALT Encoding   

  12  0:00  Drone  
  13  0:12  Overlord  
  13  0:17  Drone  
  14  0:30  Drone x2  
  16  0:41  Drone  
  17  0:53  Hatchery  
  17  0:57  Drone  
  17  1:00  Drone  
  18  1:05  Extractor  
  17  1:15  Spawning Pool  
  16  1:18  Drone  
  16  1:22  Drone  
  18  1:28  Drone  
  19  1:39  Drone  
  20  1:51  Overlord  
  20  2:02  Queen  
  20  2:05  Queen, Metabolic Boost  
  20  2:08  Zergling x2  
  25  2:11  Zergling x2  
  25  2:14  Drone  
  27  2:17  Drone  
  27  2:21  Drone  
  29  2:27  Drone  
  30  2:32  Drone  
  31  2:37  Drone  
  32  2:48  Hatchery  
  32  2:50  Drone  
  32  2:55  Queen  
  34  2:59  Overlord  
  34  3:02  Drone  
  34  3:05  Zergling x2  
  36  3:18  Drone x4  
  40  3:25  Drone x2, Overlord  
  41  3:34  Queen  
  41  3:37  Drone  
  44  3:43  Roach Warren  
  44  3:44  Drone x4  
  44  3:46  Drone  
  48  3:50  Zergling x2  
  48  3:53  Drone  
  50  3:58  Spine Crawler  
  50  4:01  Drone x2  
  53  4:03  Queen  
  53  4:09  Overlord  
  53  4:10  Overlord  
  53  4:11  Zergling x2  
  53  4:15  Zergling x4  
  56  4:19  Spore Crawler  
  56  4:20  Spore Crawler  
  56  4:22  Spore Crawler  
  53  4:25  Zergling x6  
  53  4:29  Zergling x4  
  58  4:36  Overlord  
  59  4:40  Lair  
  59  4:41  Drone x2  
  59  4:42  Drone x2  
  61  4:51  Drone x5  
  64  4:53  Drone  
  64  4:56  Drone x2  
  67  5:06  Roach x4  
  75  5:11  Roach x3  
  75  5:14  Drone  
  81  5:18  Overlord x2  
  81  5:22  Extractor x2  
  81  5:23  Evolution Chamber  
  81  5:24  Drone x2  
  80  5:29  Drone  
  81  5:39  Overlord  
  81  5:40  Drone x2  
  81  5:41  Drone x3  
  86  5:42  Glial Reconstitution  
  86  5:45  Drone x3, Extractor  
  86  5:48  Drone x2  
  90  5:52  Roach  
  90  5:57  Overlord  
  92  5:59  Overseer  
  92  6:00  Drone  
  93  6:04  Drone  
  93  6:08  Drone x3, Overseer  
  93  6:09  Extractor x2  
  93  6:10  Overlord  
  95  6:13  Overlord  
  95  6:16  Drone x2  
  97  6:20  Overlord x2  
  97  6:27  Overlord  
  97  6:28  Overlord  
  97  6:29  Drone  
  97  6:30  Drone x2  
  97  6:32  Roach x2  
  104  6:38  Roach x2  
  104  6:39  Roach x3  
  114  6:42  Pneumatized Carapace  
  114  6:43  Hatchery  
  114  6:45  Drone, Hydralisk Den  
  113  6:49  Drone  
  113  6:51  Queen  
  113  6:53  Roach x3  
  119  7:10  Zerg Missile Weapons Level 1  
  119  7:12  Drone x2  
  119  7:14  Roach x9  
  133  7:25  Overlord  
  133  7:27  Roach x4  
  133  7:29  Ravager x4  
  145  7:34  Overlord x2  
  145  7:43  Ravager  
  146  7:45  Roach  
  146  7:46  Roach x3  
  148  7:52  Roach x8  
  148  7:56  Overseer  
  152  8:01  Grooved Spines  
  152  8:02  Hydralisk  
  152  8:03  Hydralisk  
  144  8:05  Queen  
  144  8:09  Hydralisk x2  
  146  8:15  Drone x3  
  147  8:22  Drone x6  
  147  8:25  Hydralisk x2  
  147  8:26  Roach x2  
  160  8:37  Drone, Spore Crawler  
  160  8:45  Hydralisk  
  160  8:46  Hydralisk x2  
  160  8:47  Roach  
  162  8:51  Extractor  
  161  8:58  Infestation Pit  
  161  9:02  Hydralisk x2  
  162  9:03  Roach x3  
  162  9:08  Roach  
  162  9:09  Roach x2  
  174  9:13  Muscular Augments  
  170  9:31  Roach  
  170  9:32  Roach x2  
  172  9:41  Overlord x6  
  172  9:43  Overlord  
  172  9:45  Hive  
  166  9:46  Overlord  
  166  9:48  Extractor, Overlord  
  166  9:50  Lurker Den  
  166  9:51  Hydralisk x5  
  164  10:00  Drone x3  
  164  10:01  Drone  
  156  10:08  Hydralisk x2  
  156  10:09  Zergling x18  
  159  10:15  Hydralisk x2  
  159  10:16  Zergling x20  
  159  10:19  Overseer  
  166  10:25  Zerg Missile Weapons Level 2  
  166  10:28  Hydralisk x2  
  166  10:29  Zergling x10  
  173  10:36  Hydralisk x2, Zergling x2  
  173  10:37  Zergling x2  
  179  10:43  Roach x2  
  183  10:51  Roach x2, Hatchery  
  182  10:57  Roach  
  182  10:58  Roach x6  
  182  11:01  Seismic Spines  
  155  11:22  Hydralisk x5, Zergling x2  
  155  11:23  Zergling x20  
  143  11:42  Drone x2  
  143  11:43  Lurker x8, Hydralisk x3  
  143  11:44  Zergling x4  
  161  11:51  Lurker x3  
  164  11:55  Overseer  
  164  11:58  Adaptive Talons  
  164  11:59  Hydralisk x2  
  164  12:00  Zergling x6  
  171  12:03  Drone x3  
  174  12:09  Hydralisk x3  
  179  12:34  Overseer  
  179  12:35  Hydralisk x2  
  179  12:36  Zergling x24  
  195  12:58  Hydralisk x2, Zergling x6  
  192  12:59  Zergling x6  
  188  13:05  Zergling x18  
  184  13:16  Hydralisk  
  184  13:17  Hydralisk, Zergling x8  
  190  13:22  Evolution Chamber  
  190  13:25  Overlord x2  
  190  13:26  Lurker  
  190  13:28  Lurker x7  
  190  13:33  Overlord  
  190  13:43  Overseer  
  188  13:50  Extractor x2  
  188  13:51  Hatchery  
  182  13:58  Overlord  
  181  14:03  Hydralisk x9  
  198  14:12  Overlord  
  198  14:15  Overlord  
  198  14:19  Spore Crawler  
  198  14:21  Spore Crawler  
  198  14:23  Spine Crawler  
  195  14:27  Hydralisk x2  
  197  14:31  Drone x2  
  197  14:32  Drone, Spine Crawler  
  197  14:33  Spine Crawler  
  197  14:35  Drone  
  199  14:38  Lurker  
Show
View Real Time Build Order
Export as new Build Order

ShoWTimE Protoss 

Build Orders: 1 Gate Expand, Archon Immortal, Archon Drop, Dark Templar Rush 

Get SALT Encoding   

  12  0:00  Probe  
  13  0:12  Probe  
  14  0:19  Pylon  
  14  0:24  Probe  
  15  0:37  Probe (Chrono Boost)  
  15  0:40  Gateway  
  16  0:49  Probe (Chrono Boost)  
  17  0:50  Assimilator  
  17  0:54  Probe (Chrono Boost)  
  18  1:03  Probe  
  19  1:16  Probe  
  20  1:29  Nexus  
  20  1:39  Cybernetics Core  
  20  1:42  Probe  
  21  1:48  Assimilator  
  22  1:54  Probe  
  22  1:57  Pylon  
  22  2:06  Probe  
  23  2:13  Adept (Chrono Boost)  
  23  2:14  Probe  
  25  2:15  Warp Gate  
  25  2:22  Probe  
  26  2:29  Twilight Council  
  27  2:32  Probe  
  27  2:36  Stalker (Chrono Boost)  
  28  2:41  Probe  
  31  2:45  Probe  
  32  2:53  Probe  
  32  2:57  Robotics Facility  
  33  3:02  Probe  
  35  3:05  Probe  
  35  3:12  Gateway  
  35  3:14  Probe  
  36  3:22  Dark Shrine  
  36  3:24  Probe  
  36  3:26  Probe  
  38  3:27  Adept  
  40  3:34  Gateway  
  40  3:41  Warp Prism (Chrono Boost)  
  42  3:48  Pylon  
  42  3:51  Probe  
  42  3:52  Probe  
  44  3:56  Assimilator  
  44  4:03  Probe  
  44  4:04  Probe  
  44  4:07  Adept x2  
  50  4:10  Pylon  
  51  4:18  Assimilator  
  51  4:19  Probe (Chrono Boost)  
  51  4:24  Probe (Chrono Boost)  
  53  4:34  Probe x2 (Chrono Boost)  
  53  4:36  Dark Templar x3  
  60  4:39  Probe (Chrono Boost)  
  60  4:41  Probe  
  62  4:54  Pylon  
  62  4:59  Nexus  
  62  5:03  Pylon  
  62  5:04  Archon  
  62  5:12  Observer (Chrono Boost), Probe x2  
  65  5:15  Dark Templar  
  65  5:16  Dark Templar  
  65  5:19  Archon  
  69  5:23  Shield Battery  
  69  5:24  Probe x2  
  69  5:26  Pylon  
  71  5:31  Sentry  
  71  5:34  Pylon  
  73  5:36  Probe x2  
  75  5:47  Forge, Blink  
  75  5:48  Probe x2  
  77  5:53  Immortal (Chrono Boost)  
  81  5:57  Sentry  
  81  6:01  Probe  
  85  6:04  Probe  
  85  6:08  Pylon  
  85  6:10  Sentry  
  85  6:11  Probe  
  88  6:13  Probe  
  88  6:18  Protoss Ground Weapons Level 1, Probe  
  89  6:19  Gateway  
  89  6:23  Probe (Chrono Boost)  
  89  6:24  Immortal (Chrono Boost)  
  89  6:25  Probe (Chrono Boost)  
  97  6:35  Probe (Chrono Boost)  
  97  6:36  Probe (Chrono Boost)  
  97  6:37  Probe (Chrono Boost)  
  97  6:38  Assimilator  
  97  6:39  Assimilator  
  99  6:42  Probe x2 (Chrono Boost)  
  99  6:44  Probe (Chrono Boost)  
  99  6:45  Sentry  
  104  6:49  Probe  
  104  6:51  Probe  
  106  6:55  Gateway, Probe  
  106  6:59  Pylon  
  107  7:01  Probe  
  108  7:10  Templar Archives  
  106  7:19  Gateway  
  106  7:22  Gateway  
  106  7:24  Gateway, Stalker  
  106  7:25  Stalker x3  
  106  7:27  Photon Cannon  
  106  7:29  Immortal (Chrono Boost)  
  114  7:36  Psionic Storm  
  118  7:37  Pylon  
  118  7:39  Pylon  
  116  7:53  Stalker x4  
  116  7:54  Probe  
  109  7:59  Probe  
  109  8:00  Probe, Stalker x4  
  109  8:04  Immortal  
  103  8:06  Probe  
  104  8:15  Stalker x2  
  108  8:25  High Templar x3  
  112  8:29  Zealot x3, Protoss Ground Weapons Level 2 (Chrono Boost)  
  118  8:35  Gateway  
  118  8:37  Gateway  
  118  8:42  Pylon  
  118  8:44  Immortal (Chrono Boost)  
  118  8:45  Probe  
  118  8:47  Shield Battery  
  123  8:48  Shield Battery  
  123  8:51  Zealot x4  
  130  9:08  High Templar x2  
  134  9:12  Nexus  
  134  9:14  Pylon  
  134  9:15  Stalker x3  
  134  9:17  Observer  
  140  9:21  Pylon  
  140  9:22  Pylon  
  136  9:28  Charge  
  136  9:30  Stalker  
  134  9:35  Zealot x2  
  134  9:40  Stalker x3  
  132  9:48  Immortal (Chrono Boost)  
  132  9:50  Stalker x2  
  135  9:56  Stalker x3  
  131  10:05  Dark Templar  
  131  10:12  Pylon  
  125  10:20  Dark Templar  
  125  10:24  Immortal (Chrono Boost)  
  125  10:26  Pylon  
  125  10:28  Gateway  
  128  10:30  Stalker x4  
  128  10:35  Zealot x3  
  134  10:46  Zealot  
  136  10:54  Stalker x3  
  136  10:56  Zealot  
  136  10:57  Zealot x4  
  145  11:05  Protoss Ground Weapons Level 3  
  145  11:09  Zealot  
  135  11:13  Archon  
  135  11:17  Stalker x2  
  135  11:18  Stalker  
  129  11:21  Archon  
  129  11:25  Stalker  
  119  11:29  Immortal (Chrono Boost)  
  119  11:30  Zealot x5  
  125  11:38  High Templar  
  127  11:44  High Templar  
  129  12:00  High Templar  
  129  12:01  Zealot x5  
  141  12:13  Assimilator  
  141  12:17  Nexus  
  141  12:19  Pylon  
  141  12:21  Pylon  
  141  12:25  Pylon  
  141  12:28  Pylon  
  141  12:29  Pylon  
  141  12:35  Pylon  
  142  12:37  Observer (Chrono Boost)  
  142  12:38  High Templar x2, Pylon  
  142  12:39  Zealot  
  142  12:42  Pylon  
  142  12:43  Archon  
  148  12:47  Photon Cannon  
  148  12:48  Photon Cannon  
  148  12:49  Zealot x3  
  148  12:50  Zealot x4  
  162  12:54  Observer (Chrono Boost)  
  145  13:11  Zealot x4  
  147  13:13  High Templar  
  147  13:14  High Templar x2  
  150  13:24  High Templar  
  152  13:28  Photon Cannon  
  152  13:33  Zealot x6  
  164  13:38  Observer  
  164  13:55  Dark Templar  
  166  14:06  Zealot  
  166  14:07  Zealot x6  
  180  14:12  Observer (Chrono Boost)  
  181  14:27  Zealot  
  181  14:28  Zealot x5  
  175  14:33  Dark Templar  
  171  14:45  Observer  

Tags
 
Add a new tag
Caveats
  • Supply blocks, unpowered buildings, or Contaminate may cause inaccurate times.
  • Supply counts are checked every 10 seconds.